AoeStats
← supermaso8970

Arabia

510624333Analyzed
2v2 RM · 21h ago on Oct 1, 2026· 34m 51s· 4 players
Game mode
Random Map
Map size
Medium (4 player)
Population
200
Speed
Normal
Resources
Standard
Victory
Conquest
Starting age
Dark Age
Ending age
Imperial Age
RankedLock teamsTeams togetherTeam positionsShared explorationLock speedFull tech treeHidden civsTurbo modeCheats
Victory
Defeat
🇨🇿 Teutons · Czechia
853
+17
🇨🇿 Persians · Czechia
828
+18
🇨🇦 Celts · Canada
883
-18
🇪🇸 Spanish · Spain
867
-17
supermaso8970
10:37 Feudal Age
14:36 Loom
16:37 Gold Mining
17:58 Horse Collar
18:04 Double-Bit Axe
20:30 Castle Age
20:20 Scale Barding Armor
20:10 Gold Mining
22:41 Bow Saw
23:04 Forging
23:01 Scale Barding Armor
25:08 Forging
26:28 Iron Casting
Kevin Flynn
11:17 Feudal Age
9:33 Loom
12:28 Double-Bit Axe
17:05 Padded Archer Armor
16:55 Fletching
21:37 Gold Mining
22:11 Town Watch
25:22 Wheelbarrow
27:50 Castle Age
29:45 Hand Cart
28:56 Crossbowman
28:58 Elite Skirmisher
30:00 Bow Saw
29:43 Pikeman
31:20 Gold Shaft Mining
30:35 Stone Mining
33:43 Leather Archer Armor
33:24 Bodkin Arrow
33:30 Scale Mail Armor
34:38 Parthian Tactics
SASH9
OLVIDADO2538
0:29 Loom
12:29 Feudal Age
12:56 Double-Bit Axe
12:55 Horse Collar
16:49 Castle Age
15:37 Gold Mining
17:27 Stone Mining
18:37 Bow Saw
18:20 Town Watch
20:40 Heavy Plow
22:36 Wheelbarrow
24:21 Fletching
31:28 Squires
31:37 Bodkin Arrow
Connection lost

Rejoining the realm…

Still unreachable

The connection could not be restored.

Session expired

The server has moved on; the page needs a fresh start.